 Dungeon Crawl Stone Soup version 0.29-a0-234-g0dae59b3db (webtiles) character file.

Game seed: 5566516674318936928

60 avis the Ruffian (level 4, 0/38 HPs)
             Began as a Hill Orc Transmuter on Mar 2, 2022.
             Killed from afar by Ijyb (38 damage)
             ... with a bolt of acid
             ... on level 3 of the Dungeon.
             The game lasted 00:12:56 (2844 turns).

avis the Ruffian (Hill Orc Transmuter)              Turns: 2844, Time: 00:12:57

Health: 0/38       AC:  2    Str: 12    XL:     4   Next: 6%
Magic:  3/6        EV: 18    Int: 15    God:
Gold:   81         SH:  0    Dex: 16    Spells: 2/6 levels left

rFire   . . .      SeeInvis +     - Unarmed
rCold   . . .      Faith    .   (shield currently unavailable)
rNeg    . . .      Spirit   .   (body armour currently unavailable)
rPois   x          Reflect  .   (helmet currently unavailable)
rElec   .          Harm     .   (cloak currently unavailable)
rCorr   .          Rampage  .   (gloves currently unavailable)
Will    .....                   (boots currently unavailable)
Stlth   +.........              (no amulet)
HPRegen 0.12/turn               o - ring of see invisible
MPRegen 0.10/turn               (no ring)

@: spider-form
A: venomous fangs, tiny
a: End Transformation


You were on level 3 of the Dungeon.
You were a venomous arachnid creature.
You visited 1 branch of the dungeon, and saw 3 of its levels.

You collected 81 gold pieces.

Inventory:

Hand Weapons
 n - a +0 spear
 p - a +0 hunting sling
 s - a +0 short sword of speed
 u - a +0 trident
Missiles
 d - 28 stones
 k - 14 poisoned darts
Armour
 a - a +0 robe (melded)
 r - the -3 cloak of Hopscotch {Harm rC+ Will-}
   (You found it on level 2 of the Dungeon)

   rC:        It protects you from cold.
   Harm:      It increases damage dealt and taken.
   Will:      It decreases your willpower.
 t - a +0 chain mail
Jewellery
 f - an amulet of faith
 o - a ring of see invisible (left front leg)
Scrolls
 b - a scroll of teleportation {unknown}
 c - a scroll of enchant armour {unknown}
 g - 2 scrolls of amnesia {unknown}
 h - a scroll of enchant weapon {unknown}
 i - a scroll of vulnerability {unknown}
 l - 3 scrolls of identify {unknown}
 m - 2 scrolls of fog {unknown}
Potions
 e - a potion of invisibility {unknown}
 j - 2 potions of flight {unknown}
 q - 4 potions of attraction {unknown}


   Skills:
 - Level 3.0 Fighting
 - Level 1.5 Dodging
 * Level 4.1 Unarmed Combat
 - Level 1.5 Spellcasting
 - Level 2.0 Transmutations


You had 2 spell levels left.
You knew the following spells:

 Your Spells              Type           Power      Damage    Failure   Level
a - Beastly Appendage     Tmut           14%        N/A       26%         1
p - Spider Form           Tmut/Pois      4%         N/A       65%         3

Your spell library contained the following spells:

 Spells                   Type           Power      Damage    Failure   Level
 Wereblood                Tmut           7%         N/A       34%         2
 Ice Form                 Ice/Tmut       4%         N/A       94%         4


Dungeon Overview and Level Annotations

Branches:
Dungeon (3/15)

Altars:
Okawaru

Annotations:
D:3 Ijyb


Message History

Your transformation is almost over.
Your transformation has ended.
Your +0 robe unmelds from your body.
Magic restored.
Found an iron altar of Okawaru.
Found a stone staircase leading down.
A ball python and a worm come into view.
The ball python hisses angrily.
The worm moves out of view.
Casting: Spider Form (extremely dangerous; 43% risk of failure)
Confirm with . or Enter, or press ? or * to list all spells.
You grow a pair of large bovine horns.
Your feet morph into talons.
You hit the ball python. You claw the ball python.
You kill the ball python!
You have reached level 4!
Found a ring mail and a metallic dark potion.
You hit the worm. You claw the worm. You headbutt the worm.
The worm is almost dead.
Your transformation is almost over.
The worm bites you.
You hit the worm.
You kill the worm!
q - 4 metallic dark potions (gained 1)
You start resting.
Your horns disappear.
Your talons disappear.
Magic restored.
You start resting.
HP restored.
You see here a worm corpse.
Ijyb the Twisted Goblin comes into view.
She is wielding a +1 dagger of holy wrath and carrying a wand of acid (8).
Ijyb shouts!
Casting: Beastly Appendage (safe; 11% risk of failure)
Confirm with . or Enter, or press ? or * to list all spells.
The spell is quite dangerous to miscast (43% risk of failure)!
Continue anyway?
You turn into a venomous arachnid creature.
Your +0 robe melds into your body.
Ijyb closely misses you.
You barely miss Ijyb.
Ijyb zaps a wand.
The bolt of acid hits you!!!
Ouch! That really hurt!
You die...

##..#.#
#.#.#.#
##..#.#
#....# .#
##.### ...
#.# .... #.#
...g. #.#
......####s#
#......g.#
##########


You could see Ijyb.

Vanquished Creatures
  2 adders (D:2)
  2 worms
  A ball python (D:3)
  2 giant cockroaches (D:3)
  A goblin (D:2)
  5 hobgoblins
  9 jackals
  A quokka (D:2)
  5 bats
  A frilled lizard (D:1)
  3 kobolds
32 creatures vanquished.

Vanquished Creatures (others)
  2 plants (D:1)
2 creatures vanquished.

Grand Total: 34 creatures vanquished

Notes
Turn   | Place    | Note
-------+----------+-------------------------------------------
     0 | D:1      | avis the Hill Orc Transmuter began the quest for the Orb.
     0 | D:1      | Reached XP level 1. HP: 16/16 MP: 3/3
   533 | D:1      | Reached XP level 2. HP: 22/23 MP: 2/4
  1482 | D:2      | Reached XP level 3. HP: 29/29 MP: 3/5
  1520 | D:2      | Reached skill level 4 in Unarmed Combat
  1875 | D:2      | Identified the -3 cloak of Hopscotch {Harm rC+ Will-}
  2064 | D:2      | Learned a level 3 spell: Spider Form
  2503 | D:2      | Upgraded the game from 0.29-a0-233-g1125b37a9b to
                  | 0.29-a0-234-g0dae59b3db
  2744 | D:3      | Found an iron altar of Okawaru.
  2769 | D:3      | Reached XP level 4. HP: 38/38 MP: 4/6
  2835 | D:3      | Noticed Ijyb
  2844 | D:3      | Killed from afar by Ijyb

Illustrated notes

Levels and vault maps discovered:
D:1:      heliophobic_arrival_dark_side_of_the_moon, layout_basic,
          serial_forest, infiniplex_forest_straight_3,
          infiniplex_forest_clump_small, infiniplex_forest_lined_3,
          infiniplex_forest_clump_large, infiniplex_forest_straight_3,
          infiniplex_forest_clump_small, infiniplex_forest_end_2,
          corexii_leaking_fountain, minmay_misc_feat_tiny, lemuel_another_geyser
D:2:      layout_basic, amcnicky_mini_corridor_feature
D:3:      layout_loops_corners, mainiacjoe_overflow_tiny_flanked,
          shapermc_ecumenical_altar_ellora, serial_shops, nicolae_square_shop,
          uniq_ijyb

Skill      XL: |  1  2  3 |
---------------+----------+-----
Transmutations | 2 |  2.0
Fighting       | 2 3 |  3.0
Unarmed Combat | 4 |  4.1
Dodging        | |  1.5
Spellcasting   | |  1.5

Action                   |  1- 3 |  4- 6 || total
-------------------------+-------+-------++-------
Melee: Unarmed           |    88 |     3 ||    91
       Kick              |    22 |     1 ||    23
       Headbutt          |     4 |     1 ||     5
       Punch             |     2 |       ||     2
 Cast: Beastly Appendage |    23 |       ||    23
       Spider Form       |     2 |     1 ||     3
Armor: Robe              |    18 |       ||    18
       Skin              |     2 |       ||     2
Dodge: Dodged            |    60 |     1 ||    61

Table legend: (Time is in decaauts)
 A = Elapsed time spent in this place.
 B = Non-inter-level travel time spent in this place.
 C = Inter-level travel time spent in this place.
 D = Time resting spent in this place.
 E = Time spent auto-exploring this place.
 F = Levels seen in this place.
 G = Mean time per level.
                   A        B        C        D        E       F      G
               +--------+--------+--------+--------+--------+-----+--------+
         Total |   2845 |   2564 |    281 |    677 |   1427 |   3 |  948.3 |
       Dungeon |   2845 |   2564 |    281 |    677 |   1427 |   3 |  948.3 |
               +--------+--------+--------+--------+--------+-----+--------+

Top non-repeatable levels by time:
     D:1: 1674 daAuts
     D:2: 974 daAuts
     D:3: 196 daAuts
